 Dungeon Crawl Stone Soup version 0.25.0-33-gff14898491 (webtiles) character file.

Game seed: 9153646331265092383

19 Peloso the Skirmisher (level 2, 24/24 HPs)
             Began as a Demonspawn Fighter on July 7, 2020.
             Got out of the dungeon alive.
             The game lasted 00:01:10 (711 turns).

Peloso the Skirmisher (Demonspawn Fighter)           Turns: 711, Time: 00:01:10

Health: 24/24      AC:  6    Str: 16    XL:     2   Next: 55%
Magic:  2/2        EV:  6    Int:  9    God:
Gold:   44         SH:  8    Dex: 12    Spells: 1/1 levels left

rFire    . . .     SeeInvis .   a - +0 long sword
rCold    . . .     Gourm    .   c - +0 kite shield
rNeg     . . .     Faith    .   b - +0 scale mail
rPois    .         Spirit   .   (no helmet)
rElec    .         Reflect  .   (no cloak)
rCorr    .         Harm     .   (no gloves)
MR       .....                  (no boots)
Stlth    ..........             (no amulet)
HPRegen  0.08/turn              (no ring)
MPRegen  0.08/turn              (no ring)

@: hasted, very quick
A: talons 2, blurry vision 1
a: no special abilities


You escaped.
You were not hungry.

You visited 1 branch of the dungeon, and saw 1 of its levels.

You collected 44 gold pieces.

Inventory:

Hand Weapons
 a - a +0 long sword (weapon)
Armour
 b - a +0 scale mail (worn)
 c - a +0 kite shield (worn)
Scrolls
 i - a scroll of teleportation {unknown}
 j - a scroll of remove curse {unknown}
 k - a scroll of identify {unknown}
Potions
 d - a potion of might
 h - 2 potions of haste
Comestibles
 f - 2 rations


   Skills:
 + Level 3.2 Fighting
 + Level 2.0 Long Blades
 + Level 2.8 Armour
 + Level 3.1 Shields


You had one spell level left.
You didn't know any spells.
Your spell library was empty.

Dungeon Overview and Level Annotations

Branches:
Dungeon (1/15)

Altars:


Innate Abilities, Weirdness & Mutations

You have razor-sharp toenails.
Scrolls take you a little longer to read.


Message History

There is a stone staircase leading down here.
You now have 44 gold pieces (gained 8).
Partly explored, can't reach some places.
Partly explored, can't reach some places.
Partly explored, can't reach some places.
It was a potion of curing.
You feel better.
It was a potion of haste.
You feel yourself speed up.
It was a potion of mutation.
You feel extremely strange.
Your vision blurs.
Your toenails lengthen and sharpen.
(D) Dungeon
Where to? (? - help)
What level of the Dungeon? (default 1, ? - help)
There is an open door here.
There is an open door here.
There is an open door here.
You see here a robe.
There is an open door here.
There is a staircase leading out of the dungeon here.
Are you sure you want to leave the Dungeon?
This will make you lose the game!
You have escaped!

## .# ### .# #.# .### #.#
############ .#.#
#.######..........#######
.#.###........≈≈≈≈≈≈≈≈.≈≈≈≈≈≈≈
...........##.≈####≈≈≈.≈≈≈####
##.##......##.≈#@.####'####.⌠#
#.........##.≈#..'.......'..#
####.........≈##'####'####'##
#.........≈≈#.#.......#.#
#.........≈≈#[#...8...#.#≈≈
#.........≈≈#.'.#####.+.#≈≈
#...##....≈≈#.#...8...#.#≈≈#
#.........≈≈#.#.......#.#≈≈#
##..#.....≈##'####'####'##≈#


There were no monsters in sight!

Vanquished Creatures
  A dart slug (D:1)
  A giant cockroach (D:1)
  A goblin (D:1)
  2 hobgoblins (D:1)
  4 jackals (D:1)
  2 kobolds (D:1)
  A bat (D:1)
  4 rats (D:1)
16 creatures vanquished.

Notes
Turn   | Place    | Note
-------+----------+-------------------------------------------
     0 | D:1      | Peloso the Demonspawn Fighter began the quest for the Orb.
     0 | D:1      | Reached XP level 1. HP: 18/18 MP: 1/1
   151 | D:1      | Gained mutation: You have sharp toenails. [demonic
                  | ancestry]
   151 | D:1      | Reached XP level 2. HP: 24/24 MP: 2/2
   686 | D:1      | Gained mutation: Scrolls take you a little longer to read.
                  | [potion of mutation]
   686 | D:1      | Gained mutation: You have razor-sharp toenails. [potion of
                  | mutation]
   711 | D:$      | Got out of the dungeon alive.

Illustrated notes

Levels and vault maps discovered:
D:1:      heliophobic_arrival_glass_houses, layout_basic

Skill      XL: |  1  2 |
---------------+-------+-----
Shields        | 3 |  3.1
Long Blades    | 2 |  2.0
Fighting       | |  3.2
Armour         | |  2.8

Action                   || total
-------------------------++-------
Melee: Long sword        ||    42
       Kick              ||     6
  Use: Potion            ||     3
Armor: Scale mail        ||    43
Dodge: Dodged            ||    18
Block: Kite shield       ||    29
       Rpst.: Long sword ||    13
